TOP OF THE 1ST |
Buckhead Bowties batting - Pitching for Thunder Bay Northern Lions BC : RHP Roger Rodenburg
|
Pitching: RHP Roger Rodenburg
|
|
Batting: SHB Silvio Capitanio
|
0-0: Called Strike 0-1: Ball 1-1: Ball 2-1: TRIPLE (Flyball, 8RXD, EV 95.0 MPH)
|
Batting: LHB Marcus Shill
|
0-0: Called Strike 0-1: Called Strike 0-2: Fly out, F8 (Flyball, 8RM, EV 87.5 MPH) Runner from 3rd tags up, SCORES, throw by CF
|
Batting: LHB Jesús Encarnación
|
0-0: Swinging Strike 0-1: Swinging Strike 0-2: Ball 1-2: Ball 2-2: Foul Ball, location: 2F 2-2: Ball 3-2: Foul Ball, location: 2F 3-2: Fly out, F7 (Flyball, 7S, EV 81.9 MPH)
|
Batting: RHB Hugh Mungus
|
0-0: Ball 1-0: Called Strike 1-1: Ball 2-1: Called Strike 2-2: Fly out, F7 (Flyball, 7LMF, EV 79.4 MPH)
|
Top of the 1st over - 1 run, 1 hit, 0 errors, 0 left on base; Buckhead 1 - Thunder Bay 0 |
BOTTOM OF THE 1ST |
Thunder Bay Northern Lions BC batting - Pitching for Buckhead Bowties : RHP Dave Becker
|
Pitching: RHP Dave Becker
|
|
Batting: LHB Ramón Padilla
|
0-0: Called Strike 0-1: Ground out 6-3 (Groundball, 6, EV 105.6 MPH)
|
Batting: RHB Frank Tatum
|
0-0: Swinging Strike 0-1: Swinging Strike 0-2: Foul Ball, location: 2F 0-2: Ball 1-2: Fly out, F8 (Line Drive, 8RM, EV 92.5 MPH)
|
Batting: LHB Keaton Kringlen
|
0-0: Foul Ball, location: 2F 0-1: Ball 1-1: SINGLE (Line Drive, 9S, EV 86.9 MPH)
|
Batting: LHB Sébastien Cornu
|
0-0: Fielders Choice at 2nd, 6-4 (Groundball, 6, EV 97.5 MPH)
|
Bottom of the 1st over - 0 runs, 1 hit, 0 errors, 1 left on base; Buckhead 1 - Thunder Bay 0 |
TOP OF THE 2ND |
Buckhead Bowties batting - Pitching for Thunder Bay Northern Lions BC : RHP Roger Rodenburg
|
Batting: RHB Félix Fernández
|
0-0: Called Strike 0-1: Ball 1-1: DOUBLE (Groundball, 5L, EV 105.6 MPH)
|
Batting: LHB Charles Godard
|
0-0: Ball 1-0: TRIPLE (Flyball, 8LXD, EV 100.6 MPH) Félix Fernández scores
|
Batting: LHB Jared Schneider
|
0-0: Called Strike 0-1: Ball 1-1: 2-RUN HOME RUN (Flyball, 9D, EV 94.4 MPH), Distance : 342 ft
|
Batting: RHB Juan Barrón
|
0-0: Swinging Strike 0-1: Foul Ball, location: 2F 0-2: Ball 1-2: Ball 2-2: Fly out, F6 (Line Drive, 6, EV 63.8 MPH)
|
Batting: LHB Spencer Powell
|
0-0: Called Strike 0-1: Called Strike 0-2: Ball 1-2: Ball 2-2: Ball 3-2: Foul Ball, location: 2F 3-2: SINGLE (Line Drive, 8RS, EV 106.2 MPH)
|
Batting: SHB Silvio Capitanio
|
0-0: Fielders Choice at 2nd, 4-6 (Groundball, 34, EV 78.8 MPH)
|
Batting: LHB Marcus Shill
|
0-0: Ball Silvio Capitanio steals 2nd base 1-0: Foul Ball, location: 2F 1-1: Ball 2-1: Ground out 1-3 (Groundball, 34S, EV 90.6 MPH)
|
Top of the 2nd over - 3 runs, 4 hits, 0 errors, 1 left on base; Buckhead 4 - Thunder Bay 0 |
BOTTOM OF THE 2ND |
Thunder Bay Northern Lions BC batting - Pitching for Buckhead Bowties : RHP Dave Becker
|
Batting: RHB Curf Pierstisnips
|
0-0: Ball 1-0: Ball 2-0: Ground out 1-3 (Groundball, P, EV 76.2 MPH)
|
Batting: LHB Yao-pang Chiang
|
0-0: Ball 1-0: Called Strike 1-1: Swinging Strike 1-2: Ball 2-2: Ball 3-2: Fly out, F9 (Line Drive, 9D, EV 99.4 MPH)
|
Batting: RHB Dusty Crum
|
0-0: Swinging Strike 0-1: Ball 1-1: Ball 2-1: Fly out, F8 (Line Drive, 8RM, EV 109.4 MPH)
|
Bottom of the 2nd over - 0 runs, 0 hits, 0 errors, 0 left on base; Buckhead 4 - Thunder Bay 0 |
TOP OF THE 3RD |
Buckhead Bowties batting - Pitching for Thunder Bay Northern Lions BC : RHP Roger Rodenburg
|
Batting: LHB Jesús Encarnación
|
0-0: Ball 1-0: Called Strike 1-1: DOUBLE (Flyball, 8LXD, EV 93.8 MPH)
|
Batting: RHB Hugh Mungus
|
0-0: Foul Ball, location: 2F 0-1: Ball 1-1: Called Strike 1-2: Fly out, F9 (Flyball, 89S, EV 86.9 MPH)
|
Batting: RHB Félix Fernández
|
0-0: Ball 1-0: Called Strike 1-1: Called Strike 1-2: Strikes out swinging
|
Batting: LHB Charles Godard
|
0-0: Called Strike 0-1: Ball 1-1: 2-RUN HOME RUN (Flyball, 7LD, EV 93.8 MPH), Distance : 365 ft
|
Pitching: LHP Mike Hess
|
|
Batting: LHB Jared Schneider
|
0-0: Ball 1-0: Called Strike 1-1: Ball 2-1: Swinging Strike 2-2: Strikes out swinging
|
Top of the 3rd over - 2 runs, 2 hits, 0 errors, 0 left on base; Buckhead 6 - Thunder Bay 0 |
BOTTOM OF THE 3RD |
Thunder Bay Northern Lions BC batting - Pitching for Buckhead Bowties : RHP Dave Becker
|
Batting: LHB Barry Flauker
|
0-0: Ball 1-0: Ball 2-0: Foul Ball, location: 2F 2-1: Fly out, F9 (Flyball, 9LS, EV 75.6 MPH)
|
Batting: RHB Cord Hosenbeck
|
0-0: Ball 1-0: Ball 2-0: Ball 3-0: Called Strike 3-1: Swinging Strike 3-2: Ground out 5-3 (Groundball, 56S, EV 76.9 MPH)
|
Batting: LHB Ramón Padilla
|
0-0: Ball 1-0: Called Strike 1-1: Swinging Strike 1-2: Ball 2-2: Foul Ball, location: 2F 2-2: Strikes out swinging, 2-3 out at first.
|
Bottom of the 3rd over - 0 runs, 0 hits, 0 errors, 0 left on base; Buckhead 6 - Thunder Bay 0 |
TOP OF THE 4TH |
Buckhead Bowties batting - Pitching for Thunder Bay Northern Lions BC : LHP Mike Hess
|
Batting: RHB Juan Barrón
|
0-0: Called Strike 0-1: Ball 1-1: DOUBLE (Flyball, 78D, EV 106.2 MPH)
|
Batting: LHB Spencer Powell
|
0-0: Ball 1-0: Called Strike 1-1: Ball 2-1: Foul Ball, location: 2F 2-2: Ball 3-2: Strikes out swinging
|
Batting: SHB Silvio Capitanio
|
0-0: Ground out 6-3 (Groundball, 56, EV 83.8 MPH)
|
Batting: LHB Marcus Shill
|
0-0: Called Strike 0-1: Swinging Strike 0-2: Strikes out swinging
|
Top of the 4th over - 0 runs, 1 hit, 0 errors, 1 left on base; Buckhead 6 - Thunder Bay 0 |
BOTTOM OF THE 4TH |
Thunder Bay Northern Lions BC batting - Pitching for Buckhead Bowties : RHP Dave Becker
|
Batting: RHB Frank Tatum
|
0-0: Ball 1-0: Ground out 6-3 (Groundball, 6, EV 103.8 MPH)
|
Batting: LHB Keaton Kringlen
|
0-0: Ball 1-0: Foul Ball, location: 2F 1-1: Ball 2-1: Swinging Strike 2-2: Foul Ball, location: 2F 2-2: Strikes out swinging
|
Batting: LHB Sébastien Cornu
|
0-0: Ball 1-0: Called Strike 1-1: Ball 2-1: Ground out U3 (Groundball, 34, EV 82.5 MPH)
|
Bottom of the 4th over - 0 runs, 0 hits, 0 errors, 0 left on base; Buckhead 6 - Thunder Bay 0 |
TOP OF THE 5TH |
Buckhead Bowties batting - Pitching for Thunder Bay Northern Lions BC : LHP Mike Hess
|
Batting: LHB Jesús Encarnación
|
0-0: Ball 1-0: Ball 2-0: Fly out, F4 (Popup, 34D, EV 51.2 MPH)
|
Batting: RHB Hugh Mungus
|
0-0: Foul Ball, location: 2F 0-1: Ball 1-1: Called Strike 1-2: Strikes out swinging
|
Batting: RHB Félix Fernández
|
0-0: Swinging Strike 0-1: Ball 1-1: Ball 2-1: Ball 3-1: Foul Ball, location: 2F 3-2: Ground out 6-3 (Groundball, 6, EV 84.4 MPH)
|
Top of the 5th over - 0 runs, 0 hits, 0 errors, 0 left on base; Buckhead 6 - Thunder Bay 0 |
BOTTOM OF THE 5TH |
Thunder Bay Northern Lions BC batting - Pitching for Buckhead Bowties : RHP Dave Becker
|
Batting: RHB Curf Pierstisnips
|
0-0: Ball 1-0: Called Strike 1-1: Ball 2-1: Swinging Strike 2-2: Foul Ball, location: 2F 2-2: Ground out 6-3 (Groundball, 56, EV 106.2 MPH)
|
Batting: LHB Yao-pang Chiang
|
0-0: Swinging Strike 0-1: Ball 1-1: Fly out, F6 (Popup, P, EV 76.9 MPH)
|
Batting: RHB Dusty Crum
|
0-0: Foul Ball, location: 2F 0-1: Ball 1-1: Foul Ball, location: 2F 1-2: Ball 2-2: SINGLE (Groundball, 6D, EV 102.5 MPH)
|
Batting: LHB Barry Flauker
|
0-0: Ball Wild Pitch! Dusty Crum to second 1-0: SINGLE (Flyball, 9S, EV 85.0 MPH) Dusty Crum to third
|
Batting: RHB Cord Hosenbeck
|
0-0: Ball 1-0: Ground out 4-3 (Groundball, 4S, EV 83.8 MPH)
|
Bottom of the 5th over - 0 runs, 2 hits, 0 errors, 2 left on base; Buckhead 6 - Thunder Bay 0 |
TOP OF THE 6TH |
Buckhead Bowties batting - Pitching for Thunder Bay Northern Lions BC : LHP Mike Hess
|
Batting: LHB Charles Godard
|
0-0: Ball 1-0: Swinging Strike 1-1: Ball 2-1: Ball 3-1: Fly out, F9 (Flyball, 89D, EV 102.5 MPH)
|
Batting: LHB Jared Schneider
|
0-0: Ball 1-0: Swinging Strike 1-1: Ball 2-1: Foul Ball, location: 2F 2-2: Strikes out swinging
|
Batting: RHB Juan Barrón
|
0-0: Called Strike 0-1: Ball 1-1: Ball 2-1: Ball 3-1: Called Strike 3-2: Base on Balls
|
Batting: LHB Spencer Powell
|
0-0: Fly out, F7 (Line Drive, 7, EV 110.0 MPH)
|
Top of the 6th over - 0 runs, 0 hits, 0 errors, 1 left on base; Buckhead 6 - Thunder Bay 0 |
BOTTOM OF THE 6TH |
Thunder Bay Northern Lions BC batting - Pitching for Buckhead Bowties : RHP Dave Becker
|
Batting: LHB Ramón Padilla
|
0-0: Swinging Strike 0-1: Ball 1-1: Fly out, F8 (Flyball, 8LM, EV 93.8 MPH)
|
Batting: RHB Frank Tatum
|
0-0: Ball 1-0: Foul Ball, location: 2F 1-1: Ground out 6-3 (Groundball, 6MD, EV 109.4 MPH)
|
Batting: LHB Keaton Kringlen
|
0-0: Foul Ball, location: 2F 0-1: Fly out, F8 (Flyball, 8LD, EV 88.8 MPH)
|
Bottom of the 6th over - 0 runs, 0 hits, 0 errors, 0 left on base; Buckhead 6 - Thunder Bay 0 |
TOP OF THE 7TH |
Buckhead Bowties batting - Pitching for Thunder Bay Northern Lions BC : LHP Mike Hess
|
Batting: SHB Silvio Capitanio
|
0-0: Ball 1-0: SINGLE (Flyball, 78M, EV 87.5 MPH)
|
Batting: LHB Marcus Shill
|
0-0: Ball 1-0: Foul Ball, location: 2F 1-1: Fly out, F9 (Flyball, 89D, EV 103.1 MPH)
|
Batting: LHB Jesús Encarnación
|
0-0: Foul Ball, location: 2F 0-1: Swinging Strike 0-2: Ball 1-2: Ball 2-2: Strikes out swinging
|
Batting: RHB Hugh Mungus
|
0-0: Ball 1-0: Swinging Strike 1-1: Foul Ball, location: 2F 1-2: Foul Ball, location: 2F 1-2: Ball 2-2: Strikes out looking
|
Top of the 7th over - 0 runs, 1 hit, 0 errors, 1 left on base; Buckhead 6 - Thunder Bay 0 |
BOTTOM OF THE 7TH |
Thunder Bay Northern Lions BC batting - Pitching for Buckhead Bowties : RHP Dave Becker
|
Batting: LHB Sébastien Cornu
|
0-0: Ball 1-0: Foul Ball, location: 2F 1-1: Foul Ball, location: 2F 1-2: Ground out 4-3 (Groundball, 4, EV 106.9 MPH)
|
Batting: RHB Curf Pierstisnips
|
0-0: Ball 1-0: Fly out, F7 (Flyball, 78S, EV 81.2 MPH)
|
Batting: LHB Yao-pang Chiang
|
0-0: Called Strike 0-1: Fly out, F8 (Flyball, 8LM, EV 90.6 MPH)
|
Bottom of the 7th over - 0 runs, 0 hits, 0 errors, 0 left on base; Buckhead 6 - Thunder Bay 0 |
TOP OF THE 8TH |
Buckhead Bowties batting - Pitching for Thunder Bay Northern Lions BC : LHP Mike Hess
|
Batting: RHB Félix Fernández
|
0-0: Called Strike 0-1: Called Strike 0-2: Ball 1-2: Strikes out swinging
|
Batting: LHB Charles Godard
|
0-0: SINGLE (Flyball, 8LS, EV 87.5 MPH)
|
Pitching: RHP Jean-Marie Beck
|
|
Batting: LHB Jared Schneider
|
0-0: Called Strike 0-1: Called Strike 0-2: Foul Ball, location: 2F 0-2: Ball 1-2: SINGLE (Groundball, 4D, EV 98.8 MPH) Charles Godard to second Runner from 2nd tries for 3rd, SAFE, throw by CF made to third
|
Batting: RHB Juan Barrón
|
0-0: Swinging Strike 0-1: Called Strike 0-2: Ball 1-2: Strikes out swinging
|
Batting: LHB Spencer Powell
|
0-0: Called Strike 0-1: Ball 1-1: Fielders Choice at 2nd, 6-4 (Groundball, 6, EV 104.4 MPH)
|
Top of the 8th over - 0 runs, 2 hits, 0 errors, 2 left on base; Buckhead 6 - Thunder Bay 0 |
BOTTOM OF THE 8TH |
Thunder Bay Northern Lions BC batting - Pitching for Buckhead Bowties : RHP Dave Becker
|
Batting: RHB Dusty Crum
|
0-0: Ball 1-0: Ball 2-0: Called Strike 2-1: Fly out, F8 (Flyball, 8RM, EV 88.8 MPH)
|
Batting: LHB Barry Flauker
|
0-0: Ball 1-0: Ball 2-0: Called Strike 2-1: Ground out 6-3 (Groundball, 56, EV 89.4 MPH)
|
Batting: RHB Cord Hosenbeck
|
0-0: Ball 1-0: Ball 2-0: Called Strike 2-1: Foul Ball, location: 2F 2-2: Ball 3-2: DOUBLE (Line Drive, 78XD, EV 103.8 MPH)
|
Pitching: RHP Omar Morales
|
|
Batting: LHB Ramón Padilla
|
0-0: Fly out, F7 (Flyball, 7D, EV 86.2 MPH)
|
Bottom of the 8th over - 0 runs, 1 hit, 0 errors, 1 left on base; Buckhead 6 - Thunder Bay 0 |
TOP OF THE 9TH |
Buckhead Bowties batting - Pitching for Thunder Bay Northern Lions BC : RHP Jean-Marie Beck
|
Batting: SHB Silvio Capitanio
|
0-0: Ball 1-0: Called Strike 1-1: Ball 2-1: Ball 3-1: Foul Ball, location: 2F 3-2: Strikes out looking
|
Batting: LHB Marcus Shill
|
0-0: Ball 1-0: Ball 2-0: Foul Ball, location: 2F 2-1: Single, Error in OF, E9, batter to second base (Groundball, 34D, EV 104.4 MPH)
|
Batting: LHB Jesús Encarnación
|
0-0: Called Strike 0-1: Ball 1-1: Foul Ball, location: 2F 1-2: Ground out 6-3 (Groundball, 6M, EV 85.6 MPH) Marcus Shill to third
|
Batting: RHB Hugh Mungus
|
0-0: Called Strike 0-1: Ball 1-1: Ball 2-1: Ball 3-1: Foul Ball, location: 2F 3-2: Strikes out swinging
|
Top of the 9th over - 0 runs, 1 hit, 1 error, 1 left on base; Buckhead 6 - Thunder Bay 0 |
BOTTOM OF THE 9TH |
Thunder Bay Northern Lions BC batting - Pitching for Buckhead Bowties : RHP Omar Morales
|
Batting: RHB Frank Tatum
|
0-0: Called Strike 0-1: Hit by Pitch
|
Batting: LHB Keaton Kringlen
|
0-0: Swinging Strike 0-1: Ball 1-1: Ball 2-1: Fly out, F8 (Flyball, 78S, EV 96.2 MPH)
|
Batting: LHB Sébastien Cornu
|
0-0: Called Strike 0-1: Ball 1-1: Ball 2-1: Ball 3-1: Called Strike 3-2: Foul Ball, location: 2F 3-2: Foul Ball, location: 2F 3-2: Strikes out swinging Frank Tatum steals 2nd base Batter strikes out.
|
Batting: RHB Curf Pierstisnips
|
0-0: Ball 1-0: Ball 2-0: Foul Ball, location: 2F 2-1: Foul Ball, location: 2F 2-2: Ball 3-2: Base on Balls
|
Batting: LHB Yao-pang Chiang
|
0-0: Ball 1-0: Ball 2-0: Called Strike 2-1: Foul Ball, location: 2F 2-2: Ball 3-2: 3-RUN HOME RUN (Flyball, 78XD, EV 103.1 MPH), Distance : 425 ft
|
Pitching: RHP Roderick Miller
|
|
Batting: RHB Dusty Crum
|
0-0: Ball 1-0: Ball 2-0: Called Strike 2-1: Fly out, F8 (Line Drive, 8RM, EV 97.5 MPH)
|
Bottom of the 9th over - 3 runs, 1 hit, 0 errors, 0 left on base; Buckhead 6 - Thunder Bay 3 |
|